Map: Ice Cliffs

Players

JohnMcClane

  • Race: Protoss Protoss
  • League: Silver

JackONeill

  • Race: Zerg Zerg

Hindulaatti

  • Race: Zerg Zerg
  • League: Diamond

BaDRaBBiT

  • Race: Zerg Zerg

PeterSausage

  • Race: Zerg Zerg

HaSu

  • Race: Zerg Zerg

VOD

Have the link to the VOD?

Description

Time

  • Played on: Jan. 19, 2016, 1:09 p.m.
  • Length: 3:26
Show
View Real Time Build Order
Export as new Build Order

JohnMcClane Protoss 

Build Orders:  

Get SALT Encoding   

  12  0:01  Probe (Chrono Boost)  
  13  0:11  Probe (Chrono Boost)  
  14  0:27  Pylon  
  14  0:28  Probe (Chrono Boost)  
  15  0:42  Assimilator  
  15  0:46  Gateway  
  15  0:48  Probe (Chrono Boost)  
  16  0:59  Probe (Chrono Boost)  
  17  1:10  Pylon  
  17  1:12  Probe (Chrono Boost)  
  17  1:16  Assimilator  
  18  1:24  Probe (Chrono Boost)  
  19  1:35  Cybernetics Core, Probe (Chrono Boost)  
  20  1:59  Zealot  
  22  2:03  Pylon  
  22  2:12  Mothership Core (Chrono Boost)  
  24  2:25  Nexus  
  24  2:43  Gateway  
  24  2:55  Stargate  
Show
View Real Time Build Order
Export as new Build Order

JackONeill Zerg 

Build Orders: Hatch First 

Get SALT Encoding   

  12  0:01  Drone  
  13  0:08  Drone  
  14  0:17  Overlord  
  14  0:23  Drone, Extractor  
  15  0:35  Drone  
  16  0:37  Drone  
  17  0:56  Drone  
  18  0:58  Hatchery  
  17  1:09  Spawning Pool  
  16  1:13  Drone  
  16  1:17  Drone  
  18  1:26  Drone  
  18  1:31  Overlord  
  19  1:42  Drone  
  19  1:44  Extractor  
  19  1:58  Spine Crawler, Queen  
  6  2:19  Zergling x4  
  6  2:20  Zergling x4  
  5  3:06  Drone  
Show
View Real Time Build Order
Export as new Build Order

Hindulaatti Zerg 

Build Orders: Hatch First 

Get SALT Encoding   

  12  0:01  Drone  
  13  0:11  Drone  
  14  0:15  Drone, Extractor  
  15  0:42  Hatchery  
  14  0:47  Overlord  
  14  1:04  Spawning Pool  
  14  1:09  Drone  
  14  1:16  Extractor  
  14  1:18  Drone x2  
  15  1:25  Drone  
  16  1:33  Drone  
  17  1:44  Drone  
  18  1:52  Zergling x2  
  18  1:53  Spine Crawler  
  18  1:55  Zergling x2  
  18  1:57  Spine Crawler  
  18  2:05  Baneling Nest  
  18  2:08  Zergling x2  
  18  2:12  Zergling x2  
  19  2:17  Zergling x2  
  19  2:22  Zergling x2  
  21  2:31  Zergling x4  
  22  2:42  Zergling x4  
  23  2:47  Drone  
  24  2:51  Baneling x2  
Show
View Real Time Build Order
Export as new Build Order

BaDRaBBiT Zerg 

Build Orders: Pool First 

Get SALT Encoding   

  12  0:01  Drone  
  13  0:12  Drone  
  14  0:25  Spawning Pool  
  13  0:31  Drone  
  13  0:35  Extractor  
  13  0:40  Overlord  
  13  1:12  Zergling x6  
  13  1:14  Queen  
  18  1:23  Zergling x2  
  19  1:37  Metabolic Boost  
  19  1:38  Zergling x2  
  20  1:46  Overlord  
  20  1:56  Zergling x2  
  20  2:10  Zergling x2  
  21  2:22  Zergling x8  
  22  2:37  Zergling x2  
  22  2:40  Zergling x2  
  22  2:53  Drone  
  21  3:15  Hatchery  
Show
View Real Time Build Order
Export as new Build Order

PeterSausage Zerg 

Build Orders: Pool First 

Get SALT Encoding   

  12  0:01  Drone  
  13  0:13  Drone  
  14  0:26  Extractor  
  13  0:31  Drone, Spawning Pool  
  13  0:39  Drone  
  14  0:47  Overlord  
  14  1:05  Drone x3  
  17  1:18  Zergling x2, Queen  
  20  1:29  Metabolic Boost  
  20  1:31  Zergling x2  
  21  1:41  Overlord  
  21  1:50  Zergling x2  
  22  2:02  Hatchery  
  22  2:08  Zergling x2  
  22  2:20  Zergling x2  
  22  2:22  Zergling x2  
  24  2:27  Zergling x6  
  27  2:34  Zergling x2  
  25  2:45  Queen  
  27  2:52  Overlord  
  25  3:06  Zergling x6  
  25  3:07  Zergling x2  
Show
View Real Time Build Order
Export as new Build Order

HaSu Zerg 

Build Orders: Pool First 

Get SALT Encoding   

  12  0:02  Drone  
  13  0:14  Drone  
  14  0:27  Spawning Pool  
  13  0:30  Drone  
  14  0:39  Overlord  
  14  0:44  Extractor  
  14  0:46  Drone  
  14  0:58  Drone  
  15  1:14  Zergling x4  
  15  1:15  Zergling x2, Queen  
  20  1:39  Overlord  
  20  1:41  Zergling x2  
  20  1:46  Metabolic Boost  
  21  2:00  Zergling x4  
  23  2:15  Zergling x2  
  23  2:24  Overlord  
  23  2:25  Zergling x6  
  25  2:40  Zergling x2  
  26  2:45  Zergling x2  
  26  2:49  Hatchery  
  24  3:05  Zergling x2  
Tags
 
Add a new tag
Caveats
  • Supply blocks, unpowered buildings, or Contaminate may cause inaccurate times.
  • Supply counts are checked every 10 seconds.